Map: Data-C

Players

A.I. 1 (Very Easy)

  • Race: Zerg Zerg
  • Spawn Location: 9:00

Nevixi - Winner!

  • Race: Zerg Zerg
  • League: Diamond
  • Spawn Location: 3:00

VOD

Have the link to the VOD?

Description

Time

  • Played on: Sept. 3, 2022, 12:12 p.m.
  • Length: 9:36
Show
View Real Time Build Order
Export as new Build Order

A.I. 1 (Very Easy) Zerg 

Build Orders: Hatch First 

Get SALT Encoding   

  12  0:01  Drone  
  13  0:12  Overlord  
  13  0:17  Drone  
  14  0:41  Hatchery  
  13  0:45  Drone  
  14  1:03  Spawning Pool  
  13  1:06  Drone  
  13  1:10  Extractor  
  13  1:13  Drone  
  14  1:20  Overlord  
  14  1:50  Queen  
  14  1:51  Zergling x2  
  14  1:53  Zergling x2  
  18  1:59  Roach Warren  
  17  2:03  Drone  
  17  2:06  Extractor  
  17  2:10  Drone  
  17  2:15  Zergling x2  
  19  2:19  Drone  
  20  2:27  Drone  
  21  2:34  Drone  
  22  2:41  Drone  
  23  2:48  Drone  
  24  2:56  Drone  
  25  3:03  Drone  
  26  3:07  Roach, Overlord  
  26  3:11  Drone  
  29  3:18  Drone  
  30  3:25  Drone  
  30  3:32  Drone  
  31  3:39  Drone  
  32  3:42  Overlord  
  32  3:46  Drone  
  33  3:50  Lair  
  33  3:54  Drone  
  34  3:58  Roach  
  34  4:01  Drone  
  37  4:09  Drone  
  38  4:16  Drone  
  39  4:23  Drone  
  40  4:30  Drone  
  41  4:32  Overlord  
  41  4:37  Drone  
  42  4:44  Drone  
  43  4:48  Extractor  
  43  4:49  Overseer  
  43  4:50  Roach  
  43  4:51  Overseer  
  43  4:52  Drone  
  45  4:58  Extractor  
  45  4:59  Drone  
  45  5:06  Drone  
  46  5:13  Drone  
  47  5:20  Drone  
  48  5:28  Drone  
  49  5:35  Drone  
  50  5:41  Roach  
  52  8:39  Zergling x2  
  49  8:42  Overlord  
  49  8:43  Queen  
  42  8:49  Drone  
  26  8:56  Drone  
  26  9:03  Drone  
  27  9:11  Drone  
Show
View Real Time Build Order
Export as new Build Order

Nevixi Zerg - Winner!

Build Orders: Hatch First 

Get SALT Encoding   

  12  0:00  Drone  
  13  0:14  Overlord  
  13  0:18  Drone  
  14  0:32  Drone x2  
  16  0:51  Hatchery  
  16  0:55  Drone  
  16  0:58  Drone  
  16  1:02  Drone  
  18  1:11  Extractor  
  18  1:17  Spawning Pool  
  16  1:20  Drone  
  16  1:24  Drone  
  18  1:30  Drone  
  19  1:40  Drone  
  20  1:51  Overlord  
  20  2:04  Queen x2  
  20  2:05  Zergling x2, Drone  
  26  2:13  Drone  
  27  2:16  Drone  
  28  2:25  Drone x2  
  30  2:41  Hatchery  
  29  2:46  Drone x3  
  29  2:50  Overlord  
  32  2:57  Drone  
  33  3:04  Baneling Nest  
  32  3:09  Drone x3  
  35  3:13  Drone  
  35  3:14  Drone  
  35  3:17  Queen  
  35  3:19  Drone  
  40  3:29  Evolution Chamber  
  40  3:30  Drone x3  
  40  3:31  Drone  
  43  3:35  Drone  
  43  3:37  Overlord  
  44  3:58  Zerg Missile Weapons Level 1  
  44  3:59  Drone x2  
  44  4:00  Drone x7  
  53  4:04  Overlord  
  53  4:07  Drone  
  53  4:08  Drone  
  55  4:15  Drone  
  56  4:23  Lair  
  56  4:29  Overlord x2  
  56  4:30  Drone  
  56  4:31  Drone x4  
  61  4:37  Roach Warren  
  60  4:41  Extractor  
  60  4:42  Extractor  
  58  4:47  Drone x3  
  58  4:51  Overlord x2  
  58  4:52  Drone x8  
  69  4:55  Pneumatized Carapace  
  69  5:00  Queen  
  71  5:10  Zergling x10  
  71  5:14  Extractor  
  75  5:15  Extractor  
  76  5:21  Roach x5  
  76  5:22  Roach x4  
  76  5:24  Overlord  
  76  5:26  Overlord  
  92  5:47  Roach x2  
  92  5:48  Roach x5  
  92  5:49  Hatchery  
  105  5:56  Zerg Missile Weapons Level 2  
  105  5:57  Evolution Chamber  
  104  5:59  Drone  
  104  6:00  Drone x8  
  113  6:06  Drone  
  113  6:07  Overlord  
  113  6:09  Overlord  
  114  6:22  Overlord x2  
  114  6:27  Drone x9  
  114  6:29  Zerg Ground Armor Level 1  
  114  6:30  Overlord  
  123  6:39  Roach  
  127  6:40  Roach  
  127  6:47  Infestation Pit  
  127  6:50  Extractor, Drone  
  127  6:51  Drone x2  
  128  6:57  Extractor  
  127  7:05  Roach  
  127  7:06  Roach x11  
  151  7:12  Centrifugal Hooks  
  151  7:13  Glial Reconstitution  
  151  7:18  Roach x3  
  157  7:23  Infestation Pit  
  157  7:26  Hive  
  157  7:28  Roach  
  159  7:30  Overlord x5  
  159  7:42  Overseer  
  159  7:48  Overlord x2  
  159  7:49  Roach  
  159  7:50  Roach x5  
  171  8:08  Roach x8  
  171  8:09  Roach x4  
  171  8:10  Hatchery  
  171  8:11  Ravager  
  171  8:12  Ravager x5  
  200  8:20  Hatchery  
  197  8:57  Overlord x3  
  197  8:58  Overlord x21  
  197  8:59  Overlord  
  197  9:01  Overlord  
  197  9:03  Overlord  
  197  9:05  Overlord  
Tags
 
League
Diamond
Matchup
ZvZ
Race
Zerg
Spawn Locations
Cross Positions
Add a new tag
Caveats
  • Supply blocks, unpowered buildings, or Contaminate may cause inaccurate times.
  • Supply counts are checked every 10 seconds.